 Dungeon Crawl Stone Soup version 0.31-a0-431-g88bdf31460 (webtiles) character file.

Game seed: 18098000363359462187

1075 Maxmaps the Sneak (level 8, -3/57 HPs)
             Began as an Octopode Shapeshifter on Aug 1, 2023.
             Was an Initiate of Gozag.
             Slain by a killer bee (5 damage)
             ... on level 6 of the Dungeon.
             The game lasted 00:08:55 (4871 turns).

Maxmaps the Sneak (Octopode Shapeshifter)           Turns: 4871, Time: 00:08:56

Health: -3/57      AC:  1    Str: 19    XL:     8   Next: 29%
Magic:  8/8        EV: 13    Int: 18    God:    Gozag
Gold:   412        SH:  0    Dex: 13    Spells: 7/7 levels left

rFire   . . .        h - +5 dagger of the Chain {holy, Str+5 Int+6}
rCold   . . .        (no shield)
rNeg    . . .        (helmet currently unavailable)
rPois   .            (no amulet)
rElec   .            (no ring)
rCorr   .            (no ring)
SInv    .            (no ring)
Will    .....        (no ring)
Stlth   ++++         (no ring)
HPRegen 0.29/turn    (no ring)
MPRegen 0.11/turn    (no ring)
                     (no ring)

%: no passive effects
@: lethally poisoned (-3 -> -43), beast-form
A: beast (slay +3), almost no armour, amphibious, 8 rings, camouflage 1,
gelatinous body 1, (nimble swimmer 1), tentacles
a: Begin Untransformation, Renounce Religion, Potion Petition, Call Merchant,
Bribe Branch


You were on level 6 of the Dungeon.
You worshipped Gozag.
Gozag was aware of your devotion.
You were a hulking beast.
You visited 1 branch of the dungeon, and saw 6 of its levels.
You also visited: Sewer.

You collected 829 gold pieces.
You spent 392 gold pieces at shops.
You paid 25 gold pieces to Gozag.

Inventory:

Hand Weapons
 h - the +5 dagger of the Chain (weapon) {holy, Str+5 Int+6}
   (You bought it in a shop on level 5 of the Dungeon)

   Str:       It affects your strength (+5).
   Int:       It affects your intelligence (+6).
 i - a +0 dagger of draining
 s - a +3 short sword of draining
 u - a +0 dagger of venom
 v - a +0 short sword of flaming
Jewellery
 l - a +6 ring of intelligence
Talismans
 b - a beast talisman (active)
 o - a maw talisman
Wands
 p - a wand of polymorph (3)
Scrolls
 c - a scroll of revelation
 d - 4 scrolls of teleportation
 e - 3 scrolls of immolation
 f - a scroll of fear
 x - 3 scrolls of poison
 y - a scroll of noise {unknown}
 A - a scroll of fog
Potions
 a - a potion of lignification
 g - a potion of invisibility
 j - 2 potions of resistance
 k - a potion of heal wounds
 m - 3 potions of curing
 n - a potion of cancellation
 q - a potion of mutation
 r - 2 potions of might
 t - a potion of brilliance
 w - 3 potions of haste
 z - a potion of magic


   Skills:
 - Level 6.1 Fighting
 - Level 4.0 Short Blades
 - Level 2.0 Dodging
 - Level 6.1 Stealth
 - Level 3.0 Unarmed Combat
 + Level 4.3 Shapeshifting


You had 7 spell levels left.
You didn't know any spells.
Your spell library contained the following spells:

 Spells                   Type           Power      Damage    Failure   Level
 Magic Dart               Conj           0%         1d3       22%         1
 Call Imp                 Summ           0%         N/A       32%         2
 Sublimation of Blood     Necr           0%         N/A       32%         2
 Wereblood                Tmut           0%         N/A       32%         2
 Mephitic Cloud           Conj/Pois/Air  0%         N/A       54%         3
 Summon Hydra             Summ           0%         N/A       100%        7


Dungeon Overview and Level Annotations

Branches:
Dungeon (6/15)              Sewer (visited)
 Temple: D:4-7

Altars:
Gozag
Hepliaklqana

Shops:
D:5 [!?((


Innate Abilities, Weirdness & Mutations

You are a hulking beast.
Your limbs bulge with bestial killing power. (Slay +3)
You cannot wear most types of armour.
You are amphibious.
You can wear up to eight rings at the same time.
Your skin changes colour to match your surroundings (Stealth+).
Your rubbery body absorbs attacks. (AC +1, EV +1)
((You are camouflaged when in or above water. (Stealth+)))
You have tentacles for arms and can constrict up to eight enemies at once.


Message History

The arrow completely misses you.
The centaur shoots an arrow.
The arrow barely misses you. The killer bee stings you.
You are poisoned.
The killer bee poisons you!
You feel sick. The killer bee stings you.
The killer bee attacks as you move away!
The killer bee stings you.
You are more poisoned.
The killer bee poisons you!
You feel very sick. The killer bee closely misses you.
You feel very sick. The killer bee stings you.
You are more poisoned.
The killer bee poisons you! The killer bee stings you.
You are more poisoned.
The killer bee poisons you! The killer bee closely misses you.
The killer bee attacks as you move away!
The killer bee closely misses you.
The killer bee attacks as you move away!
The killer bee misses you.
You feel very sick. The killer bee stings you.
You are lethally poisoned!
The killer bee poisons you!
The killer bee attacks as you move away!
The killer bee stings you.
You are more poisoned.
The killer bee poisons you!
* * * LOW HITPOINT WARNING * * *
You feel extremely sick. The killer bee closely misses you.
The killer bee stings you.
* * * LOW HITPOINT WARNING * * *
The killer bee stings you.
* * * LOW HITPOINT WARNING * * *
You are more poisoned.
The killer bee poisons you! The killer bee stings you.
You die...
Your body crumbles into a pile of gold.

### #.# #.###### #......#
#######
####.####.#######.....####
#.........................
#.##.##.#.#######y...y#
#......>........hyy...## ###
#.#...(...#.#####yc....####...#
#.........#.# #..............
###.......#.# #.....#S..#...
#...........# #######...#
#........#.## #...#
#.....####.#### ...... #...).#
#....# ....... #.....# ####.#
.........#


You could see a centaur, 5 killer bees and an adder.

Vanquished Creatures
  Grinder (D:4)
  Menkaure (D:5)
  An ice beast (D:5)
  An ogre (D:3)
  A centaur (D:5)
  A scorpion (D:4)
  A howler monkey (D:4)
  2 hounds
  A sleepcap (D:4)
  Crazy Yiuf (D:5)
  Ijyb (D:4)
  A gnoll (D:1)
  10 adders
  3 river rats (Sewer)
  2 worms
  5 orcs (D:5)
  8 ball pythons
  9 endoplasms
  2 giant cockroaches
  14 goblins
  8 hobgoblins
  11 jackals
  5 quokkas
  2 bats
  3 frilled lizards
  24 kobolds
  20 rats
139 creatures vanquished.

Notes
Turn   | Place    | Note
-------+----------+-------------------------------------------
     0 | D:1      | Maxmaps the Octopode Shapeshifter began the quest for the
                  | Orb.
     0 | D:1      | Reached XP level 1. HP: 13/13 MP: 1/1
    36 | D:1      | Reached skill level 1 in Stealth
   172 | D:1      | Reached XP level 2. HP: 13/18 MP: 2/2
   359 | D:1      | Reached XP level 3. HP: 24/25 MP: 3/3
   804 | D:1      | Found a faded altar of an unknown god.
   963 | D:2      | Found an opulent altar of Gozag.
   974 | D:2      | Became a worshipper of Gozag Ym Sagoz the Greedy
  1080 | D:2      | Reached XP level 4. HP: 28/31 MP: 4/4
  1099 | D:2      | Reached skill level 1 in Short Blades
  1670 | D:3      | Reached XP level 5. HP: 26/36 MP: 5/5
  1805 | D:3      | Noticed an ogre
  1811 | D:3      | Killed an ogre
  2094 | D:3      | Found a faded altar of an unknown god.
  2099 | D:3      | Found a hazy altar of Hepliaklqana.
  2288 | D:4      | Reached XP level 6. HP: 42/42 MP: 6/6
  2307 | D:4      | Noticed Grinder
  2326 | D:4      | Killed Grinder
  2469 | D:4      | Reached XP level 7. HP: 44/46 MP: 7/7
  2494 | D:4      | Noticed Ijyb
  2551 | D:4      | Killed Ijyb
  2954 | D:5      | Entered Level 5 of the Dungeon
  2955 | D:5      | Noticed an animated shadow dragon scales
  2963 | D:5      | Reached skill level 5 in Fighting
  2971 | D:5      | Found Rubunked's Armour Emporium.
  2971 | D:5      | Noticed an animated gold dragon scales
  3109 | D:5      | Noticed Menkaure
  3115 | D:5      | Killed Menkaure
  3194 | D:5      | Found Qatak's Antique Weapon Emporium.
  3199 | D:5      | Found Wyoxael's Antique Weapon Shop.
  3234 | D:5      | Found a glowing drain.
  3239 | Sewer    | Entered a sewer
  3363 | Sewer    | Reached XP level 8. HP: 57/57 MP: 8/8
  4023 | D:5      | Bought a warped dagger for 196 gold pieces
  4023 | D:5      | Identified the +5 dagger of the Chain {holy, Str+5 Int+6}
                  | (You bought it in a shop on level 5 of the Dungeon)
  4066 | D:5      | Found a runed translucent door.
  4067 | D:5      | Noticed Crazy Yiuf
  4074 | D:5      | Killed Crazy Yiuf
  4294 | D:5      | Found Neiff's Distillery.
  4299 | D:5      | Bought a potion of magic for 96 gold pieces
  4303 | D:5      | Found Fuubrin's Magic Scroll Boutique.
  4312 | D:5      | Bought a scroll of fog for 40 gold pieces
  4312 | D:5      | Bought a scroll of identify for 20 gold pieces
  4314 | D:5      | Bought 2 scrolls of identify for 40 gold pieces
  4871 | D:6      | HP: 2/57 [killer bee (3)]
  4871 | D:6      | Slain by a killer bee

Illustrated notes

Levels and vault maps discovered:
D:1:      heliophobic_arrival_dark_side_of_the_moon, layout_loops_ring,
          hellmonk_ecumenical_altar_prayer_group, minmay_heptomino_o4
D:2:      layout_loops_cross, basic_altar, moated_statue, minmay_tripent
D:3:      layout_basic, nicolae_overflow_ecumenical_swirl,
          kennysheep_decorative_pillar, minmay_misc_feat_rugged,
          minmay_goblin_kobold_house
D:4:      layout_rooms, uniq_ijyb, uniq_grinder
D:5:      layout_basic, portal_sewer_entry_e, serial_shops, shop,
          nicolae_square_shop, nicolae_shop_mannequins, shop,
          nicolae_shop_pleasant_corner_grove, uniq_crazy_yiuf_cottage,
          uniq_menkaure
D:6:      layout_basic, grunt_temple_overflow_open, serial_shops,
          kennysheep_little_box

Skill      XL: |  1  2  3  4  5  6  7  8 |
---------------+-------------------------+-----
Stealth        | 2 6 |  6.1
Fighting       | 2 3 6 |  6.1
Short Blades   | 2 4 |  4.0
Shapeshifting  | 4 |  4.3
Dodging        | |  2.0
Unarmed Combat | |  3.0

Action                     |  1- 3 |  4- 6 |  7- 9 || total
---------------------------+-------+-------+-------++-------
  Melee: Unarmed           |    56 |       |       ||    56
         Tentacles         |    14 |    11 |    13 ||    38
         Constrict         |    15 |    12 |    26 ||    53
         Dagger            |     4 |    65 |    83 ||   152
         Punch             |       |     2 |     1 ||     3
         Short sword       |       |       |    39 ||    39
    Use: Scroll            |       |       |    17 ||    17
   Stab: Sleeping          |     6 |     9 |    21 ||    36
         Distracted        |       |       |     2 ||     2
 Armour: Skin              |     4 |     1 |     4 ||     9
  Dodge: Dodged            |    15 |    24 |    60 ||    99

Table legend: (Time is in decaauts)
 A = Elapsed time spent in this place.
 B = Non-inter-level travel time spent in this place.
 C = Inter-level travel time spent in this place.
 D = Time resting spent in this place.
 E = Time spent auto-exploring this place.
 F = Levels seen in this place.
 G = Mean time per level.
                   A        B        C        D        E       F      G
               +--------+--------+--------+--------+--------+-----+--------+
         Total |   4829 |   4636 |    193 |    376 |   3311 |   7 |  689.9 |
       Dungeon |   4121 |   3928 |    193 |    376 |   2822 |   6 |  686.8 |
         Sewer |    707 |    707 |      0 |      0 |    489 |   1 |  707.0 |
               +--------+--------+--------+--------+--------+-----+--------+

Top non-repeatable levels by time:
     D:5: 1073 daAuts
     D:1: 844 daAuts
     D:4: 742 daAuts
     D:2: 709 daAuts
   Sewer: 707 daAuts
     D:3: 638 daAuts
     D:6: 112 daAuts
